 Dungeon Crawl Stone Soup version 0.21.1-1-g345015f (webtiles) character file.

204 Fang the Chopper (level 5, 0/49 HPs)
             Began as a Gargoyle Berserker on May 18, 2018.
             Was a Priest of Trog.
             Slain by an orc
             ... wielding a +0 war axe
              (2 damage)
             ... on level 4 of the Dungeon.
             The game lasted 00:02:21 (3019 turns).

Fang the Chopper (Gargoyle Berserker)               Turns: 3019, Time: 00:02:22

Health: 0/49       AC:  6    Str: 26    XL:     5   Next: 82%
Magic:  5/5        EV: 12    Int:  8    God:    Trog [***...]
Gold:   237        SH:  0    Dex:  9    Spells: 4/4 levels left

rFire    . . .     SeeInvis .   a - +0 hand axe
rCold    . . .     Gourm    .   (no shield)
rNeg     + . .     Faith    .   b - +0 animal skin
rPois    ∞         Spirit   .   (no helmet)
rElec    +         Reflect  .   (no cloak)
rCorr    .         Harm     .   (no gloves)
MR       .....                  (no boots)
Stlth    ..........             (no amulet)
HPRegen  0.16/turn              (no ring)
MPRegen  0.09/turn              (no ring)

@: berserking (expiring), very quick
A: negative energy resistance 1, electricity resistance, unbreathing,
petrification resistance, rot immunity, AC +4
a: Berserk, Trog's Hand, Burn Spellbooks, Renounce Religion


You were on level 4 of the Dungeon.
You worshipped Trog.
Trog was most pleased with you.
You were near starving.

You visited 1 branch of the dungeon, and saw 4 of its levels.

You collected 237 gold pieces.

Inventory:

Hand Weapons
 a - a +0 hand axe (weapon)
Armour
 b - a +0 animal skin (worn)
Scrolls
 d - 6 scrolls of identify {unknown}
 e - 2 scrolls of blinking {unknown}
 k - a scroll of fog {unknown}
 o - a scroll of enchant armour {unknown}
Potions
 f - a potion of brilliance {unknown}
 g - a potion of might {unknown}
 h - a potion of flight {unknown}
 i - a potion of berserk rage {unknown}
 j - a potion of haste {unknown}
 l - 3 potions of ambrosia {unknown}
 m - a potion of resistance {unknown}
 n - a potion of agility {unknown}
Comestibles
 c - 4 rations


   Skills:
 + Level 4.1 Fighting
 + Level 4.5 Axes
 + Level 2.4 Armour
 + Level 2.3 Dodging
 + Level 1.9 Stealth


You had 4 spell levels left.
You didn't know any spells.

Dungeon Overview and Level Annotations

Branches:
Dungeon (4/15)
 Temple: D:4-7

Altars:
Fedhas


Innate Abilities, Weirdness & Mutations

You are resistant to torment.
Your stone body is resilient. (AC +4)
You are immune to poison.
You resist negative energy. (rN+)
You are resistant to electric shocks. (rElec)
You can survive without breathing.
You are immune to petrification.
You are immune to rotting.


Message History

Pain shoots through your body!
* * * LOW HITPOINT WARNING * * *
Unknown command.
You slash the orc priest!
You kill the orc priest!
Trog accepts your kill.
Unknown command.
Found a runed war axe.
Things that are here:
a hand axe; a scale mail Unknown command.
You barely miss the orc. The orc hits you with a war axe.
* * * LOW HITPOINT WARNING * * *
You hit the orc.
The orc is moderately wounded.
Unknown command.
You barely miss the orc.
The orc is moderately wounded.
The orc hits you with a war axe.
You die...

...'..#....#
...#..'....#
####.##....#.#
###+#....##.######
#...'....#...#...
#...#....#...#..
####+#....##.##.# #
.......#####.##.###.#
..(....#........@o..#
.......#........)...#
.......##.##.######.....
...#'####.#### ...)
...#.........# ...
...#.........# ..
...#######...# #
###......##### #......#


You could see an orc.

Vanquished Creatures
  An orc priest (D:4)
  A hound (D:4)
  4 adders
  3 oozes
  3 worms
  4 dart slugs (D:1)
  A leopard gecko (D:3)
  4 orcs
  9 bats
  6 giant cockroaches
  8 goblins
  5 hobgoblins
  6 jackals
  2 quokkas
  2 ball pythons (D:1)
  A frilled lizard (D:3)
  7 kobolds
  6 rats
73 creatures vanquished.

Notes
Turn   | Place    | Note
-------+----------+-------------------------------------------
     0 | D:1      | Fang the Gargoyle Berserker began the quest for the Orb.
     0 | D:1      | Reached XP level 1. HP: 14/14 MP: 1/1
    73 | D:1      | Reached XP level 2. HP: 14/19 MP: 2/2
   288 | D:1      | Reached ** piety under Trog
   300 | D:1      | Reached XP level 3. HP: 22/24 MP: 3/3
   395 | D:1      | Reached skill level 1 in Stealth
  1364 | D:2      | Reached XP level 4. HP: 19/29 MP: 4/4
  1368 | D:2      | Found a blossoming altar of Fedhas.
  2340 | D:3      | Reached XP level 5. HP: 26/33 MP: 5/5
  2525 | D:3      | Reached *** piety under Trog
  3017 | D:4      | HP: 2/49 [orc/war axe (6)]
  3019 | D:4      | Slain by an orc

Skill      XL: |  1  2  3  4 |
---------------+-------------+-----
Axes           | 3 4 |  4.5
Stealth        | 1 |  1.9
Dodging        | 2 |  2.3
Fighting       | 4 |  4.1
Armour         | |  2.4

Action                   |  1- 3 |  4- 6 || total
-------------------------+-------+-------++-------
Melee: Hand axe          |   110 |   145 ||   255
Invok: Berserk           |       |     2 ||     2
 Stab: Sleeping          |     3 |     2 ||     5
  Eat: Chunk             |     2 |     5 ||     7
Armor: Animal skin       |    37 |    60 ||    97
Dodge: Dodged            |    84 |   106 ||   190
